 Dungeon Crawl Stone Soup version 0.26-a0-651-gb41185065b (webtiles) character file.

Game seed: 10660892437679699405

116 Lanoc the Chopper (level 5, -1/47 HPs)
             Began as a Hill Orc Monk on Oct 20, 2020.
             Was a Believer of Beogh.
             Slain by an orc
             ... wielding a cursed -3 mace
              (5 damage)
             ... on level 3 of the Dungeon.
             The game lasted 00:01:44 (1116 turns).

Lanoc the Chopper (Hill Orc Monk)                   Turns: 1116, Time: 00:01:45

Health: -1/47      AC:  2    Str: 13 (14) XL:     5   Next: 1%
Magic:  6/6        EV: 13    Int:  8 (10) God:    Beogh [**....]
Gold:   43         SH:  0    Dex: 12 (14) Spells: 4/4 levels left

rFire    . . .     SeeInvis .   a - +0 hand axe
rCold    . . .     Faith    .   (no shield)
rNeg     . . .     Spirit   .   b - +0 robe
rPois    .         Reflect  .   (no helmet)
rElec    .         Harm     .   (no cloak)
rCorr    .         Rampage  .   (no gloves)
MR       .....                  (no boots)
Stlth    ++........             (no amulet)
HPRegen  0.15/turn              (no ring)
MPRegen  0.10/turn              (no ring)

@: no status effects
A: no striking features
a: Smiting, Renounce Religion


You were on level 3 of the Dungeon.
You worshipped Beogh.
Beogh was pleased with you.
You visited 1 branch of the dungeon, and saw 3 of its levels.

You collected 43 gold pieces.

Inventory:

Hand Weapons
 a - a +0 hand axe (weapon)
Armour
 b - a +0 robe (worn)


   Skills:
 + Level 4.4 Fighting
 * Level 5.7 Axes
 + Level 3.0 Dodging
 - Level 1.5 Stealth
 + Level 1.8 Invocations


You had 4 spell levels left.
You didn't know any spells.
Your spell library was empty.

Dungeon Overview and Level Annotations

Branches:
Dungeon (3/15)

Altars:


Message History

You feel weakened.
You feel dopey.
You feel clumsy.
The orc throws a boomerang.
The boomerang hits you.
* * * LOW HITPOINT WARNING * * *
The weapon returns to the orc!
You completely miss the orc.
The orc is lightly wounded.
The orc barely misses you.
You hit the orc.
The orc is heavily wounded.
You barely miss the orc.
The orc is heavily wounded.
The orc completely misses you.
You closely miss the orc.
The orc is heavily wounded.
The orc barely misses you.
You closely miss the orc.
The orc is heavily wounded.
The orc hits you with a cursed -3 mace.
You die...
Beogh appreciates the orc's killing of a heretic priest.

#.##.......⌠.# #.
#....#.#..# . #..#.#.. ##
#### ##. #.##..#.... ###
#... . ...
#.................#.
#.#.#.#.##....# #.##.####.
....#...##....# #......#..
.[$...#.##....##..........
..(.#.#..@.......# #......
......)†##o...### #......
.#.##.#)##....# #.....#
......†)......# ###...#
.##.###.##..### ###....
...........## #......
#.###.####.# ######.#####
#.###.####.# #......# #
...........# #......# #


You could see an orc.

Vanquished Creatures
  An orc priest (D:3)
  Jessica (D:3)
  2 adders (D:3)
  An ooze (D:3)
  A dart slug (D:3)
  A leopard gecko (D:3)
  4 orcs (D:3)
  8 bats (D:3)
  2 giant cockroaches
  2 goblins
  2 quokkas (D:3)
  A ball python (D:3)
  2 frilled lizards (D:3)
  A kobold (D:3)
  5 rats
34 creatures vanquished.

Notes
Turn   | Place    | Note
-------+----------+-------------------------------------------
     0 | D:1      | Lanoc the Hill Orc Monk began the quest for the Orb.
     0 | D:1      | Reached XP level 1. HP: 19/19 MP: 1/1
   162 | D:3      | Reached XP level 2. HP: 27/27 MP: 2/2
   543 | D:3      | Became a worshipper of Beogh the Brigand
   543 | D:3      | Reached * piety under Beogh
   543 | D:3      | Reached ** piety under Beogh
   566 | D:3      | Reached XP level 3. HP: 24/33 MP: 3/3
   651 | D:3      | Noticed Jessica
   663 | D:3      | Killed Jessica
   663 | D:3      | Reached skill level 5 in Axes
   836 | D:3      | Reached skill level 1 in Invocations
   979 | D:3      | Reached XP level 4. HP: 29/40 MP: 4/4
  1106 | D:3      | Reached XP level 5. HP: 5/47 MP: 6/6
  1108 | D:3      | HP: 2/47 [orc/boomerang (3)]
  1116 | D:3      | Slain by an orc

Illustrated notes

Levels and vault maps discovered:
D:1:      sevenhm_arrival_forest_fort_small_4, layout_basic
D:2:      layout_loops_cross, grunt_decor_cap
D:3:      layout_rooms, hangedman_feature_mirror, minmay_diced_spiral,
          uniq_jessica

Skill      XL: |  1  2  3  4 |
---------------+-------------+-----
Fighting       | 4 |  4.4
Axes           | 5 |  5.7
Invocations    | 1 |  1.8
Dodging        | 3 |  3.0
Stealth        | |  1.5

Action                   |  1- 3 |  4- 6 || total
-------------------------+-------+-------++-------
Melee: Hand axe          |    89 |    30 ||   119
Invok: Convert to Beogh  |     1 |       ||     1
  Use: Potion            |       |     3 ||     3
 Stab: Sleeping          |     4 |       ||     4
Armor: Robe              |    20 |     8 ||    28
Dodge: Dodged            |    72 |    30 ||   102

Table legend: (Time is in decaauts)
 A = Elapsed time spent in this place.
 B = Non-inter-level travel time spent in this place.
 C = Inter-level travel time spent in this place.
 D = Time resting spent in this place.
 E = Time spent auto-exploring this place.
 F = Levels seen in this place.
 G = Mean time per level.
                   A        B        C        D        E       F      G
               +--------+--------+--------+--------+--------+-----+--------+
         Total |   1131 |   1071 |     60 |      0 |    830 |   3 |  377.0 |
       Dungeon |   1131 |   1071 |     60 |      0 |    830 |   3 |  377.0 |
               +--------+--------+--------+--------+--------+-----+--------+

Top non-repeatable levels by time:
     D:3: 981 daAuts
     D:2: 100 daAuts
     D:1: 49 daAuts
